 Dungeon Crawl Stone Soup version 0.27-a0-1228-gfd60fd639a (webtiles) character file.

Game seed: 9176988743088310347

1498 ZappyNine the Fighter (level 8, -9/89 HPs)
             Began as an Ogre Hunter on June 7, 2021.
             Was an Initiate of the Shining One.
             Mangled by a vampire (13 damage)
             ... on level 7 of the Dungeon.
             The game lasted 00:07:27 (5810 turns).

ZappyNine the Fighter (Ogre Hunter)                 Turns: 5810, Time: 00:07:27

Health: -9/89      AC:  4    Str: 17    XL:     8   Next: 81%
Magic:  8/8        EV: 10    Int: 18    God:    the Shining One [......]
Gold:   311        SH:  0    Dex: 11    Spells: 7/7 levels left

rFire    . . .     SeeInvis .   l - +0 giant club
rCold    . . .     Faith    .   (shield currently unavailable)
rNeg     . . .     Spirit   .   b - +0 robe
rPois    .         Reflect  .   (helmet restricted)
rElec    .         Harm     .   y - +0 cloak
rCorr    .         Rampage  .   (gloves unavailable)
Will     .....                  (boots unavailable)
Stlth    +.........             (no amulet)
HPRegen  0.24/turn              n - +4 ring of slaying
MPRegen  0.11/turn              j - +6 ring of intelligence

@: glowing
A: large, unfitting armour, tough skin 1
a: Renounce Religion


You were on level 7 of the Dungeon.
You worshipped the Shining One.
The Shining One was noncommittal.
You visited 1 branch of the dungeon, and saw 7 of its levels.

You collected 311 gold pieces.

Inventory:

Hand Weapons
 l - a +0 giant club (weapon)
Missiles
 a - 2 boomerangs
 c - 2 large rocks (quivered)
Armour
 b - a +0 robe (worn)
 y - a +0 cloak (worn)
Jewellery
 j - a +6 ring of intelligence (right hand)
 k - an amulet of faith
 n - a +4 ring of slaying (left hand)
Wands
 h - a wand of iceblast (8)
 o - a wand of polymorph (7)
Scrolls
 d - a scroll of noise {unknown}
 f - 5 scrolls of identify {unknown}
 m - 2 scrolls of acquirement {unknown}
 p - a scroll of holy word {unknown}
 q - 2 scrolls of summoning {unknown}
 s - a scroll of teleportation {unknown}
 t - a scroll of immolation {unknown}
 u - a scroll of vulnerability {unknown}
 v - a scroll of fear {unknown}
Potions
 g - 2 potions of flight
 i - 2 potions of curing
 r - a potion of mutation {unknown}
 w - a potion of attraction {unknown}
 x - a potion of lignification {unknown}


   Skills:
 + Level 8.5 Fighting
 + Level 5.4 Maces & Flails
 + Level 7.3 Throwing
 - Level 1.7 Dodging
 - Level 0.6 Stealth


You had 7 spell levels left.
You didn't know any spells.
Your spell library contained the following spells:

 Spells                   Type           Power      Damage    Failure   Level
 Animate Skeleton         Necr           0%         N/A       22%         1
 Pain                     Necr           0%         1d4       22%         1
 Vampiric Draining        Necr           0%         2d6       54%         3
 Animate Dead             Necr           0%         N/A       91%         4
 Agony                    Necr           0%         N/A       99%         5


Dungeon Overview and Level Annotations

Branches:
Dungeon (7/15)
 Temple: D:4-7

Altars:
Ashenzari
Gozag
Makhleb
Nemelex Xobeh
Xom
Yredelemnul
The Shining One

Shops:
D:5 [


Innate Abilities, Weirdness & Mutations

You are too large for most types of armour.
You have tough skin. (AC +1)


Message History

You are too confused!
You closely miss the vampire.
The vampire is almost destroyed.
The vampire hits you. The vampire barely misses you.
You closely miss the vampire.
The vampire is almost destroyed.
The vampire hits you. The vampire bites you!
The vampire draws strength from your injuries!
The vampire barely misses you. x2
The vampire gestures wildly while chanting.
The vampire flickers and vanishes!
Deactivating autopickup; reactivate with Ctrl-A.
You see here a scroll labelled QEIHOEXU LAYL.
You feel less confused.
You hear some strange, mumbled words.
Something tries to affect you, but you resist.
You miss something. Something draws life force from you!
You sock something!
You hear some strange, mumbled words.
Something tries to affect you, but you resist.
You completely miss something. Something hits you!
Something bites you but does no damage. Something hits you!
Something bites you!
Something draws strength from your injuries!
You miss something. Something hits you. Something bites you!
* * * LOW HITPOINT WARNING * * *
Something draws strength from your injuries!
You barely miss something. Something hits you.
* * * LOW HITPOINT WARNING * * *
Something bites you.
* * * LOW HITPOINT WARNING * * *
Something draws strength from your injuries!
Unknown command.
Throw: 3 large rocks
Press: ? - help, Q - select action, (/) - cycle Shift-Dir - straight line You throw a large rock.
Something draws life force from you!
* * * LOW HITPOINT WARNING * * *
Something hits you!
You die...

.#......##........
.................# #
....#.#.......... . ##.
##..#...........# ..#..#
##.............. #
#.....##..).....#.....#..#
...(............##.##....#
.....(...##..............#
.......#(.{@.#......##..##
.......#...#.#......##
..........####.......#
......###.......#..###
..).#.#.#......###†##
..#.#........#......# .##
##.#.#...#.)....#
...........##......
..........####......


There were no monsters in sight!

Vanquished Creatures
  Prince Ribbit (D:6)
  A water moccasin (D:5)
  An orc warrior (D:5)
  An ice beast (D:6)
  A necrophage (D:7)
  An ogre (D:7)
  A centaur (D:4)
  3 scorpions
  A wyvern skeleton (D:6)
  A water moccasin zombie (D:5)
  A centaur zombie (D:7)
  3 bullfrog zombies
  3 orc priests
  Jessica (D:3)
  2 iguanas (D:5)
  3 orc wizards
  3 adders
  2 white imps
  A worm (D:2)
  4 dart slugs
  7 orcs
  2 endoplasms (D:2)
  A giant cockroach (D:2)
  4 hobgoblins
  9 jackals
  2 kobolds
  2 quokkas
  5 ball pythons (D:2)
  4 bats
  2 frilled lizards
  3 rats
76 creatures vanquished.

Notes
Turn   | Place    | Note
-------+----------+-------------------------------------------
     0 | D:1      | ZappyNine the Ogre Hunter began the quest for the Orb.
     0 | D:1      | Reached XP level 1. HP: 22/22 MP: 1/1
   136 | D:1      | Reached skill level 3 in Fighting
   149 | D:1      | Reached XP level 2. HP: 5/31 MP: 2/2
   463 | D:1      | You fall into a shaft and drop 1 floor!
   541 | D:2      | Found a faded altar of an unknown god.
   652 | D:2      | Reached skill level 1 in Maces & Flails
   668 | D:2      | Reached XP level 3. HP: 9/37 MP: 3/3
   948 | D:2      | Found a shimmering altar of Xom.
  1540 | D:3      | Noticed Jessica
  1558 | D:3      | Killed Jessica
  1559 | D:3      | Reached skill level 4 in Fighting
  1559 | D:3      | Reached XP level 4. HP: 15/48 MP: 4/4
  2271 | D:4      | Reached XP level 5. HP: 51/55 MP: 5/5
  2414 | D:4      | Noticed a centaur
  2420 | D:4      | Killed a centaur
  2421 | D:4      | Reached skill level 5 in Fighting
  2421 | D:4      | Reached skill level 5 in Throwing
  2421 | D:4      | Reached XP level 6. HP: 43/66 MP: 6/6
  2567 | D:4      | You fall into a shaft and drop 2 floors!
  2589 | D:5      | Entered Level 5 of the Dungeon
  2600 | D:5      | Found Feapon's Armour Shoppe.
  2924 | D:5      | Reached XP level 7. HP: 23/74 MP: 7/7
  3180 | D:5      | Reached skill level 6 in Fighting
  3688 | D:5      | Reached skill level 7 in Fighting
  4142 | D:6      | Reached XP level 8. HP: 87/87 MP: 8/8
  4925 | D:6      | Noticed Prince Ribbit
  4938 | D:6      | Killed Prince Ribbit
  4939 | D:6      | Reached skill level 8 in Fighting
  4939 | D:6      | Reached skill level 5 in Maces & Flails
  5339 | D:6      | Found a broken altar of Ashenzari.
  5340 | D:6      | Found an opulent altar of Gozag.
  5342 | D:6      | Found a basalt altar of Yredelemnul.
  5346 | D:6      | Found a sparkling altar of Nemelex Xobeh.
  5346 | D:6      | Found a glowing golden altar of the Shining One.
  5351 | D:6      | Found a burning altar of Makhleb.
  5479 | D:6      | Became a worshipper of the Shining One
  5793 | D:7      | Noticed a vampire
  5810 | D:7      | HP: 4/89 [something (8)]
  5810 | D:7      | Mangled by a vampire

Illustrated notes

Levels and vault maps discovered:
D:1:      saegor_arrival_simple_d, layout_rooms, minmay_misc_feat_square,
          lemuel_flame_loot_1
D:2:      layout_loops_ring, basic_altar, ebering_ecumenical_altar_petrified,
          moated_statue, minmay_shallow_snake_nest
D:3:      layout_basic, uniq_jessica
D:4:      layout_loops_corners, minmay_temple_entry_glassed_door,
          minmay_fire_ice_demons, uniq_pikel
D:5:      layout_loops_corners, serial_shops, nicolae_shop_crystal,
          chequers_jeans
D:6:      layout_rooms, minitemple, uniq_prince_ribbit1
D:7:      layout_cave_pools, minmay_manual_moon, uniq_menkaure

Skill      XL: |  1  2  3  4  5  6  7  8 |
---------------+-------------------------+-----
Fighting       | 3 4 5 7 8 |  8.5
Maces & Flails | 1 2 3 4 5 |  5.4
Throwing       | 5 6 7 |  7.3
Dodging        | |  1.7
Stealth        | |  0.6

Action                   |  1- 3 |  4- 6 |  7- 9 || total
-------------------------+-------+-------+-------++-------
Melee: Club              |    26 |    14 |       ||    40
       Hand axe          |       |    50 |    70 ||   120
       Giant club        |       |       |    24 ||    24
Throw: Large rock        |     6 |       |     8 ||    14
       Throwing net      |     2 |       |     1 ||     3
       Boomerang         |    53 |    17 |     1 ||    71
  Use: Potion            |       |       |     6 ||     6
 Stab: Sleeping          |       |       |     1 ||     1
Armor: Robe              |    18 |    21 |    14 ||    53
Dodge: Dodged            |    32 |    32 |    51 ||   115

Table legend: (Time is in decaauts)
 A = Elapsed time spent in this place.
 B = Non-inter-level travel time spent in this place.
 C = Inter-level travel time spent in this place.
 D = Time resting spent in this place.
 E = Time spent auto-exploring this place.
 F = Levels seen in this place.
 G = Mean time per level.
                   A        B        C        D        E       F      G
               +--------+--------+--------+--------+--------+-----+--------+
         Total |   5859 |   5707 |    152 |   1580 |   3445 |   7 |  837.0 |
       Dungeon |   5859 |   5707 |    152 |   1580 |   3445 |   7 |  837.0 |
               +--------+--------+--------+--------+--------+-----+--------+

Top non-repeatable levels by time:
     D:5: 1549 daAuts
     D:6: 1409 daAuts
     D:2: 1018 daAuts
     D:3: 733 daAuts
     D:1: 471 daAuts
     D:4: 366 daAuts
     D:7: 312 daAuts
